 Dungeon Crawl Stone Soup version 0.28-a0-474-g535839065c (webtiles) character file.

Game seed: 3142941416365496059

4314 Rennog the Thaumaturge (level 10, -7/50 HPs)
             Began as a Deep Elf Fire Elementalist on Sept 15, 2021.
             Mangled by a yak (15 damage)
             ... on level 9 of the Dungeon.
             The game lasted 00:16:25 (9237 turns).

Rennog the Thaumaturge (Deep Elf Fire Elementalist) Turns: 9237, Time: 00:16:25

Health: -7/50      AC:  4    Str:  6    XL:     10   Next: 11%
Magic:  34/37      EV: 16    Int: 22    God:
Gold:   505        SH:  0    Dex: 16    Spells: 24/33 levels left

rFire   . . .      SeeInvis .   f - +0 short sword (venom)
rCold   . . .      Faith    .   (no shield)
rNeg    . . .      Spirit   .   a - +0 robe
rPois   +          Reflect  .   D - +0 helmet
rElec   .          Harm     .   j - scarf {shadows}
rCorr   .          Rampage  .   q - +0 pair of gloves
Will    +....                   (no boots)
Stlth   ++........              (no amulet)
HPRegen 0.16/turn               c - ring of magical power
MPRegen 0.25/turn               E - ring of poison resistance

@: no status effects
A: no striking features
a: no special abilities


You were on level 9 of the Dungeon.
You visited 1 branch of the dungeon, and saw 9 of its levels.

You collected 544 gold pieces.
You spent 39 gold pieces at shops.

Inventory:

Hand Weapons
 f - a +0 short sword of venom (weapon)
Missiles
 u - a throwing net
Armour
 a - a +0 robe (worn)
 j - a scarf of shadows (worn)
 q - a +0 pair of gloves (worn)
 s - +0 storm dragon scales
 D - a +0 helmet (worn)
Jewellery
 c - a ring of magical power (left hand)
 n - a ring of ice
 x - a +6 ring of strength
 y - an amulet of faith
 E - a ring of poison resistance (right hand)
Wands
 o - a wand of polymorph (8)
 z - a wand of iceblast (19)
Scrolls
 e - 4 scrolls of identify {unknown}
 h - a scroll of immolation {unknown}
 i - 3 scrolls of teleportation
 k - a scroll of enchant armour {unknown}
 m - 2 scrolls of silence {unknown}
 r - a scroll of fog {unknown}
 t - 2 scrolls of amnesia {unknown}
 v - a scroll of enchant weapon {unknown}
 w - a scroll of magic mapping {unknown}
 F - a scroll of holy word {unknown}
 G - a scroll of acquirement {unknown}
Potions
 b - 2 potions of heal wounds {unknown}
 d - a potion of ambrosia {unknown}
 g - a potion of resistance {unknown}
 l - 2 potions of curing
 p - a potion of lignification {unknown}
 A - a potion of berserk rage {unknown}
 B - 2 potions of magic {unknown}
 C - a potion of flight {unknown}


   Skills:
 + Level 8.3 Dodging
 - Level 2.4 Stealth
 * Level 12.1 Spellcasting
 + Level 7.2 Conjurations
 + Level 7.9 Fire Magic


You had 24 spell levels left.
You knew the following spells:

 Your Spells              Type           Power      Damage    Failure   Level
a - Foxfire               Conj/Fire      100%       2x1d9     1%          1
b - Scorch                Fire           96%        2d10      1%          2
c - Searing Ray           Conj           90%        2d7       1%          2
d - Flame Wave            Conj/Fire      46%        3d9       2%          4

Your spell library contained the following spells:

 Spells                   Type           Power      Damage    Failure   Level
 Magic Dart               Conj           100%       1d8       1%          1
 Conjure Flame            Conj/Fire      46%        6-21      1%          3
 Inner Flame              Hex/Fire       30%        N/A       2%          3
 Corpse Rot               Necr/Air       N/A        N/A       8%          2
 Poisonous Vapours        Pois/Air       26%        N/A       8%          2
 Fulminant Prism          Conj/Hex       14%        3d9       11%         4
 Gell's Gravitas          Tloc           6%         N/A       14%         3
 Lesser Beckoning         Tloc           13%        N/A       14%         3
 Teleport Other           Tloc           13%        N/A       14%         3
 Chain Lightning          Conj/Air       14%        3d19      100%        9
 Fire Storm               Conj/Fire      23%        8d6       100%        9
 Shatter                  Erth           6%         3d9*      100%        9


Dungeon Overview and Level Annotations

Branches:
Dungeon (9/15)             Temple (0/1) D:6
   Lair: D:8-11         Orc: D:9-12

Altars:
Cheibriados
Fedhas
Okawaru
Vehumet
Wu Jian
Xom
Yredelemnul
Zin
The Shining One

Shops:
D:3 ?

Annotations:
D:8 Gastronok, Prince Ribbit
D:9 Maggie


Message History

Press: ? - help, Shift-Dir - straight line, f - yak
Aim: a yak (moderately wounded, 89% to hit)
The searing ray hits the yak!
You kill the yak!
The searing ray hits the yak.
The yak is heavily wounded. (Press . to maintain the ray.)
The searing ray hits the yak but does no damage.
The yak is heavily wounded.
The yak closely misses you.
The searing ray hits the yak!
The yak is severely wounded.
The yak gores you.
* * * LOW HITPOINT WARNING * * *
The searing ray misses the yak.
You finish channelling your searing ray.
The yak misses you.
Casting: Searing Ray (safe; 1% risk of failure)
Confirm with . or Enter, or press ? or * to list all spells.
Aiming: Searing Ray (safe; 1% risk of failure)
Press: ? - help, Shift-Dir - straight line, f/p - yak
Aim: a yak (severely wounded, 89% to hit)
Okay, then.
Casting: Searing Ray (safe; 1% risk of failure)
Confirm with . or Enter, or press ? or * to list all spells.
Flames lash the yak but do no damage.
The yak gores you!
* * * LOW HITPOINT WARNING * * *
Unknown command.
Things that are here:
4 large rocks; a cyclops corpse
There is an open door here.
There is an open door here.
There is an open door here.
You open the door. The yak misses you.
There is an open door here.
There is an open door here.
The yak gores you!
* * * LOW HITPOINT WARNING * * *
It was a potion of curing.
You feel better. The yak gores you!
You die...

#.# #.# #.# #.# #.##
#.# #..# #.# ####'##
#.# #.....#
######.####### #.....#
.............####>....#
######@#####....'.....#
#Y# ######.....# #.#
###'### #.# ##.#
####.##### #..#
##........# #.##
...........# ##'####
.##........# ###......
#........####.'......


You could see a yak.

Vanquished Creatures
  Erica (D:8)
  A cyclops (D:9)
  A centaur zombie (D:9)
  Sigmund (D:6)
  2 yaks (D:9)
  A water moccasin (D:6)
  2 orc warriors (D:7)
  A black bear (D:7)
  An ice beast (D:7)
  2 sky beasts
  A necrophage (D:6)
  An ogre (D:6)
  2 phantoms
  A centaur (D:7)
  A bullfrog (D:8)
  2 kobold brigands
  2 scorpions
  A wyvern skeleton (D:6)
  A water moccasin skeleton (D:6)
  2 howler monkeys (D:7)
  A wight (D:6)
  2 hounds (D:5)
  3 orc priests
  A gnoll shaman (D:5)
  A jelly (D:6)
  3 centaur skeletons
  6 iguanas
  3 orc wizards (D:3)
  3 howler monkey skeletons
  6 adders
  7 gnolls
  8 river rats (D:6)
  A shadow imp (D:6)
  An adder skeleton (D:4)
  A worm (D:3)
  3 dart slugs
  28 orcs
  6 endoplasms
  5 giant cockroaches
  6 goblins
  9 hobgoblins
  4 jackals (D:3)
  5 quokkas
  8 ball pythons
  5 bats
  3 frilled lizards
  20 kobolds
  25 rats
201 creatures vanquished.

Vanquished Creatures (collateral kills)
  5 foxfires (D:3)
5 creatures vanquished.

Vanquished Creatures (others)
  808 foxfires
808 creatures vanquished.

Grand Total: 1014 creatures vanquished

Notes
Turn   | Place    | Note
-------+----------+-------------------------------------------
     0 | D:1      | Rennog the Deep Elf Fire Elementalist began the quest for
                  | the Orb.
     0 | D:1      | Reached XP level 1. HP: 10/10 MP: 6/6
   354 | D:1      | Reached XP level 2. HP: 15/15 MP: 8/8
   388 | D:1      | Learned a level 2 spell: Scorch
  1282 | D:1      | Reached XP level 3. HP: 19/19 MP: 10/10
  1496 | D:2      | Reached skill level 4 in Spellcasting
  1935 | D:2      | Found an iron altar of Okawaru.
  2136 | D:2      | Reached XP level 4. HP: 24/24 MP: 12/12
  2492 | D:3      | Found Daobroll's Magic Scroll Shop.
  2496 | D:3      | Learned a level 2 spell: Searing Ray
  2572 | D:3      | Bought a scroll of teleportation for 39 gold pieces
  2599 | D:3      | Found an ornate altar of the Wu Jian Council.
  2687 | D:3      | Reached skill level 5 in Spellcasting
  2687 | D:3      | Reached XP level 5. HP: 28/28 MP: 14/14
  2864 | D:3      | Found a faded altar of an unknown god.
  3372 | D:3      | Found a glowing silver altar of Zin.
  3642 | D:4      | Reached XP level 6. HP: 27/32 MP: 16/16
  3973 | D:4      | Reached skill level 6 in Spellcasting
  4582 | D:5      | Entered Level 5 of the Dungeon
  4772 | D:5      | Reached skill level 7 in Spellcasting
  4772 | D:5      | Reached XP level 7. HP: 35/36 MP: 19/19
  4787 | D:5      | Learned a level 4 spell: Flame Wave
  4826 | D:5      | Reached skill level 5 in Fire Magic
  4992 | D:5      | Reached skill level 5 in Dodging
  5052 | D:5      | Found a snail-covered altar of Cheibriados.
  5316 | D:5      | Found a glowing golden altar of the Shining One.
  5592 | D:6      | Reached skill level 8 in Spellcasting
  5726 | D:6      | Noticed Sigmund
  5881 | D:6      | Killed Sigmund
  5882 | D:6      | Reached XP level 8. HP: 34/41 MP: 22/22
  5954 | D:6      | Found a staircase to the Ecumenical Temple.
  6061 | D:6      | Found a blossoming altar of Fedhas.
  6197 | D:6      | Reached skill level 9 in Spellcasting
  6197 | D:6      | Reached skill level 5 in Conjurations
  7247 | D:7      | Reached skill level 10 in Spellcasting
  7257 | D:7      | Reached XP level 9. HP: 36/45 MP: 18/25
  8043 | D:8      | Found a basalt altar of Yredelemnul.
  8049 | D:8      | Found a shimmering altar of Xom.
  8052 | D:8      | Found a radiant altar of Vehumet.
  8096 | D:8      | Noticed Erica
  8114 | D:8      | Killed Erica
  8115 | D:8      | Reached skill level 11 in Spellcasting
  8307 | D:8      | Noticed Prince Ribbit
  8310 | D:8      | Noticed Gastronok
  8785 | D:9      | Noticed a merfolk
  8785 | D:9      | Noticed Maggie
  9008 | D:9      | Noticed a cyclops
  9087 | D:9      | Killed a cyclops
  9088 | D:9      | Reached skill level 12 in Spellcasting
  9088 | D:9      | Reached XP level 10. HP: 50/50 MP: 24/28
  9236 | D:9      | HP: 1/50 [yak (9)]
  9237 | D:9      | Mangled by a yak

Illustrated notes

Levels and vault maps discovered:
D:1:      heliophobic_arrival_henge, layout_basic, minmay_small_reverse_x
D:2:      kb_forest_paths, layout_loops_ring, basic_altar
D:3:      layout_basic, mainiacjoe_overflow_paths, mainiacjoe_overflow_alcove_1,
          serial_shops, shop_fountains,
          shapermc_ecumenical_altar_mp_ritualfount, minmay_mini_jars
D:4:      layout_loops_ring, hangedman_abyss_or_decor_stagger,
          minmay_crystal_room
D:5:      layout_rooms, grunt_temple_overflow_open
D:6:      lemuel_ratsnest, layout_cave_pools,
          mainiacjoe_overflow_concentric_impassable,
          minmay_temple_entry_antechambers, uniq_sigmund
D:7:      layout_loops_ring
D:8:      layout_layer_cave, minmay_overflow_temple_star_quad,
          minmay_misc_feat_columns, uniq_gastronok, uniq_erica,
          uniq_prince_ribbit1
D:9:      layout_roguey, hangedman_fish_farm, uniq_maggie

Skill      XL: |  1  2  3  4  5  6  7  8  9 |
---------------+----------------------------+-----
Dodging        | 3 4 5 6 8 |  8.3
Spellcasting   | 4 5 7 8 10 12 | 12.1
Conjurations   | 2 3 4 5 7 |  7.2
Fire Magic     | 4 5 6 7 |  7.9
Stealth        | |  2.4

Action                   |  1- 3 |  4- 6 |  7- 9 | 10-12 || total
-------------------------+-------+-------+-------+-------++-------
Melee: Short sword       |       |     3 |    28 |       ||    31
 Cast: Foxfire           |   102 |   140 |   225 |    13 ||   480
       Scorch            |    13 |    31 |    48 |     1 ||    93
       Searing Ray       |       |       |    11 |     1 ||    12
       Flame Wave        |       |       |     3 |       ||     3
  Use: Scroll            |       |       |     1 |       ||     1
       Potion            |       |       |       |     1 ||     1
Armor: Robe              |     1 |     7 |    14 |       ||    22
Dodge: Dodged            |    13 |    24 |    39 |     5 ||    81

Table legend: (Time is in decaauts)
 A = Elapsed time spent in this place.
 B = Non-inter-level travel time spent in this place.
 C = Inter-level travel time spent in this place.
 D = Time resting spent in this place.
 E = Time spent auto-exploring this place.
 F = Levels seen in this place.
 G = Mean time per level.
                   A        B        C        D        E       F      G
               +--------+--------+--------+--------+--------+-----+--------+
         Total |   9238 |   8924 |    314 |    105 |   7601 |   9 | 1026.4 |
       Dungeon |   9238 |   8924 |    314 |    105 |   7601 |   9 | 1026.4 |
               +--------+--------+--------+--------+--------+-----+--------+

Top non-repeatable levels by time:
     D:6: 1459 daAuts
     D:1: 1452 daAuts
     D:3: 1170 daAuts
     D:4: 1124 daAuts
     D:7: 1104 daAuts
     D:2: 835 daAuts
     D:5: 801 daAuts
     D:8: 715 daAuts
     D:9: 575 daAuts
